 Dungeon Crawl Stone Soup version 0.25.0-1-g7eea58d (webtiles) character file.

Game seed: 8141237299515839188

3993 PublicAnimeNo1 the Blocker (level 10, 0/80 HPs)
             Began as a Formicid Fighter on June 15, 2020.
             Was an Elder of Yredelemnul.
             Slain by a basilisk (3 damage)
             ... while petrified by a basilisk
             ... on level 9 of the Dungeon.
             The game lasted 00:17:53 (9089 turns).

PublicAnimeNo1 the Blocker (Formicid Fighter)       Turns: 9089, Time: 00:17:53

Health: 0/80       AC: 10    Str: 23    XL:     10   Next: 46%
Magic:  13/13      EV:  2    Int:  8    God:    Yredelemnul [****..]
Gold:   468        SH:  0    Dex: 11    Spells: 9/9 levels left

rFire    . . .     SeeInvis +   a - +0 trident (venom)
rCold    . . .     Gourm    .   c - +1 kite shield
rNeg     + + +     Faith    .   y - +0 chain mail
rPois    ∞         Spirit   .   (helmet unavailable)
rElec    .         Reflect  .   s - +0 cloak
rCorr    .         Harm     .   (no gloves)
MR       +....                  (no boots)
Stlth    ..........             (no amulet)
HPRegen  0.23/turn              w - ring of stealth
MPRegen  0.13/turn              (no ring)

@: petrified
A: permanent stasis, dig shafts and tunnels, four strong arms, antennae 3
a: Dig, Shaft Self, Recall Undead Slaves, Injury Mirror, Animate Dead, Drain
Life, Renounce Religion


You were on level 9 of the Dungeon.
You worshipped Yredelemnul.
Yredelemnul was greatly pleased with you.
You were not hungry.

You visited 1 branch of the dungeon, and saw 9 of its levels.
You also visited: Ossuary.

You collected 468 gold pieces.

Inventory:

Hand Weapons
 a - a +0 trident of venom (weapon)
   (You found it on level 4 of the Dungeon)
 b - the +0 arbalest "Bila" {vorpal, *Corrode rPois rC+ Int+10 Stlth+, unknown}
   (You found it in an ossuary)

   Any bolt fired from it inflicts extra damage.
   It affects your intelligence (+10).
   It protects you from cold.
   It protects you from poison.
   It may corrode you when you take damage.
   It makes you more stealthy.
Missiles
 r - 4 javelins (quivered)
Armour
 c - a +1 kite shield (worn)
 s - a +0 cloak (worn)
   (You found it on level 5 of the Dungeon)
 y - a +0 chain mail (worn)
   (You found it on level 6 of the Dungeon)
Jewellery
 w - a ring of stealth (left hand)
   (You found it on level 6 of the Dungeon)
Wands
 d - a wand of iceblast (20)
   (You found it on level 3 of the Dungeon)
 q - a wand of polymorph (17)
   (You found it on level 2 of the Dungeon)
 v - a wand of digging (3)
   (You found it on level 8 of the Dungeon)
Scrolls
 h - 6 scrolls of teleportation {@r4}
 k - 4 scrolls of remove curse {@r2}
 m - 3 scrolls of fog
 o - 3 scrolls of enchant weapon
 z - a scroll of magic mapping {unknown}
 A - a scroll of noise {unknown}
 B - a scroll of enchant armour
 C - a scroll of random uselessness {unknown}
 D - 7 scrolls of identify {@r1}
 E - 3 scrolls of amnesia
Potions
 f - 3 potions of flight {unknown}
 g - 4 potions of brilliance
 i - 2 potions of resistance {unknown}
 j - 2 potions of cancellation {unknown}
 l - a potion of berserk rage {unknown}
 n - 5 potions of curing {unknown}
 p - a potion of degeneration {unknown}
 u - a potion of stabbing {unknown}
 x - 2 potions of heal wounds {unknown}
Comestibles
 e - 8 rations {!d}


   Skills:
 + Level 8.1 Fighting
 * Level 8.5(9.1) Polearms
   Level 4.6(7.2) Staves
 - Level 4.5 Armour
 + Level 8.9 Shields
 + Level 4.9 Invocations


You had 9 spell levels left.
You didn't know any spells.
Your spell library contained the following spells:

 Spells                   Type           Power        Failure   Level  Hunger
 Freeze                   Ice            #...         97%         1    ##.....
 Frozen Ramparts          Ice            #.....       100%        3    ####...
 Ozocubu's Armour         Chrm/Ice       #.......     100%        3    ####...
 Hailstorm                Conj/Ice       #.......     100%        4    #####..
 Summon Ice Beast         Ice/Summ       #.......     100%        4    #####..


Dungeon Overview and Level Annotations

Branches:
Dungeon (9/15)             Temple (0/1) D:6            Lair (0/6) D:9
Ossuary (visited)
    Orc: D:9-12

Altars:
Gozag
Kikubaaqudgha
Okawaru
Qazlal
Uskayaw
Wu Jian
Yredelemnul
Zin

Shops:
D:7 :


Innate Abilities, Weirdness & Mutations

You cannot be hasted, slowed, berserked, paralysed or teleported.
You can dig through walls and to a lower floor.
Your four strong arms can wield two-handed weapons with a shield.
You have a pair of large antennae on your head. (SInv)


Message History

You block the basilisk's attack.
You barely miss the basilisk. The basilisk bites you.
You closely miss the basilisk. The basilisk gazes at you.
You are slowing down.
You hit the basilisk.
The basilisk is poisoned.
The basilisk bites you but does no damage.
Your limbs are stiffening.
You closely miss the basilisk. The basilisk bites you! The basilisk bites you.
You have turned to stone.
The basilisk bites you but does no damage.
The basilisk bites you! The basilisk gazes at you.
You easily resist.
The basilisk gazes at you. The basilisk barely misses you.
The basilisk gazes at you. The basilisk bites you. The basilisk gazes at you.
You easily resist.
The basilisk bites you!
* * * LOW HITPOINT WARNING * * *
You turn to flesh and can move again.
Unknown command.
You hit the basilisk. The basilisk barely misses you.
You closely miss the basilisk. The basilisk gazes at you.
You are slowing down.
The basilisk looks more healthy.
The basilisk bites you!
* * * LOW HITPOINT WARNING * * *
Your limbs are stiffening.
The basilisk bites you.
* * * LOW HITPOINT WARNING * * *
The basilisk bites you!
* * * LOW HITPOINT WARNING * * *
You have turned to stone.
The basilisk bites you but does no damage.
The basilisk bites you.
* * * LOW HITPOINT WARNING * * *
The basilisk bites you.
* * * LOW HITPOINT WARNING * * *
The basilisk bites you!
* * * LOW HITPOINT WARNING * * *
The basilisk bites you!
* * * LOW HITPOINT WARNING * * *
The basilisk bites you!
* * * LOW HITPOINT WARNING * * *
The basilisk bites you!
You die...
Your body rises from the dead as a mindless zombie.

#..zz........#
#.##########.######## #.#
#......... . #.# #..####### (.
#.# #..##### ...## #.#
#..##..# .....# #.### #..##..#
......# #.#l## #..<.[.###
....P..###{{#@# ##.##.....
>.....{...{#### #.##..###
...P...###.###########.##..###
......#............>..)...<...
.....#####################.###
...## #.# .# #.# #.# #.#


You could see a basilisk.

Vanquished Creatures
  An ugly thing (D:9)
  A hippogriff (D:5)
  A basilisk (D:9)
  Menkaure (D:4)
  2 ogres
  4 ice beasts
  A phantom (D:8)
  A sky beast (D:7)
  A centaur (D:6)
  5 bullfrogs
  A water moccasin zombie (Ossuary)
  3 scorpions
  2 wights (D:7)
  5 killer bees (D:7)
  3 howler monkeys
  5 crimson imps
  A bullfrog zombie (D:6)
  7 hounds
  A jelly (D:5)
  An orc priest (D:2)
  A centaur skeleton (D:7)
  A gnoll shaman (D:8)
  Natasha (thrice) (D:4)
  An iguana (D:6)
  6 orc wizards
  4 worker ants
  A big kobold zombie (Ossuary)
  2 hound zombies
  A hound skeleton (D:5)
  3 mummies
  11 gnolls
  7 adders
  A shadow imp (D:5)
  4 oozes
  5 adder zombies
  2 adder skeletons
  2 worms (D:2)
  2 dart slugs
  4 leopard geckos
  24 orcs
  12 bats
  4 giant cockroaches
  7 goblins
  7 hobgoblins
  4 jackals
  5 quokkas
  4 ball pythons
  5 frilled lizards
  5 gnoll zombies (Ossuary)
  A goblin zombie (D:7)
  6 hobgoblin zombies
  11 kobolds
  6 kobold zombies (Ossuary)
  7 orc zombies (Ossuary)
  A quokka skeleton (D:5)
  6 rats
223 creatures vanquished.

Vanquished Creatures (collateral kills)
  An ice beast (D:6)
  A phantom (D:7)
  3 wights (D:7)
  2 jackals (D:6)
7 creatures vanquished.

Vanquished Creatures (others)
  3 flying skulls (D:9)
  2 bullfrog zombies
  A gnoll skeleton (D:7)
  A gnoll zombie (D:7)
  2 orc zombies
9 creatures vanquished.

Grand Total: 239 creatures vanquished

Notes
Turn   | Place    | Note
-------+----------+-------------------------------------------
     0 | D:1      | PublicAnimeNo1 the Formicid Fighter began the quest for the
                  | Orb.
     0 | D:1      | Reached XP level 1. HP: 18/18 MP: 1/1
   177 | D:1      | Reached XP level 2. HP: 24/24 MP: 2/2
   351 | D:1      | Reached XP level 3. HP: 21/29 MP: 3/3
  1240 | D:2      | Found a basalt altar of Yredelemnul.
  1254 | D:2      | Became a worshipper of Yredelemnul the Dark
  1293 | D:2      | Reached XP level 4. HP: 37/37 MP: 4/4
  1347 | D:2      | Found a faded altar of an unknown god.
  1923 | D:2      | Reached XP level 5. HP: 31/42 MP: 5/5
  2253 | D:2      | Reached XP level 6. HP: 35/48 MP: 6/6
  2345 | D:3      | Reached * piety under Yredelemnul
  2561 | D:3      | Noticed Ijyb
  2719 | D:3      | Noticed Ijyb
  2719 | D:3      | Ijyb changed into Ijyb the boggart
  2722 | D:3      | Noticed Ijyb
  2722 | D:3      | Ijyb the boggart changed into Ijyb the ice beast
  2734 | D:2      | Killed Ijyb the ice beast
  2734 | D:2      | Reached skill level 5 in Shields
  3021 | D:3      | Reached XP level 7. HP: 55/55 MP: 7/7
  3545 | D:4      | Got a translucent mace
  3677 | D:4      | Identified the +11 mace "Feek" {flame, rElec rF- MR+} (You
                  | found it on level 4 of the Dungeon)
  3720 | D:4      | Reached skill level 1 in Polearms
  3857 | D:4      | Noticed Natasha
  3870 | D:4      | Killed Natasha
  3930 | D:4      | Found an ancient bone altar of Kikubaaqudgha.
  3933 | D:4      | Noticed Menkaure
  4158 | D:4      | Noticed Natasha
  4163 | D:4      | Killed Natasha
  4342 | D:5      | Entered Level 5 of the Dungeon
  4381 | D:5      | Noticed a hippogriff
  4394 | D:5      | Killed a hippogriff
  4394 | D:5      | Reached skill level 5 in Fighting
  4401 | D:5      | Reached XP level 8. HP: 17/62 MP: 8/8
  5359 | D:4      | Killed Menkaure
  5435 | D:4      | Noticed Natasha
  5444 | D:4      | Killed Natasha
  5703 | D:6      | Reached skill level 5 in Polearms
  5724 | D:6      | Reached XP level 9. HP: 39/70 MP: 9/9
  5976 | D:6      | Reached ** piety under Yredelemnul
  6185 | D:6      | Found an opulent altar of Gozag.
  6186 | D:6      | Found a hide-covered altar of Uskayaw.
  6186 | D:6      | Found an ornate altar of the Wu Jian Council.
  6187 | D:6      | Found a glowing silver altar of Zin.
  6238 | D:6      | Found a staircase to the Ecumenical Temple.
  6372 | D:6      | Found a stormy altar of Qazlal.
  6424 | D:6      | Reached skill level 1 in Invocations
  6774 | D:7      | Found Ovoniun's Book Boutique.
  6831 | D:7      | Found a sand-covered staircase.
  6843 | Ossuary  | Entered an ossuary
  7005 | Ossuary  | Reached *** piety under Yredelemnul
  7084 | Ossuary  | Got a smoking arbalest
  7863 | D:7      | Reached XP level 10. HP: 76/79 MP: 12/12
  7934 | D:7      | Received a gift from Yredelemnul (a wight)
  8405 | D:8      | Reached **** piety under Yredelemnul
  8601 | D:8      | Found an iron altar of Okawaru.
  8675 | D:8      | Received a gift from Yredelemnul (3 flying skulls)
  9027 | D:9      | Noticed an elephant
  9028 | D:9      | Found a staircase to the Lair.
  9028 | D:9      | Noticed a cyan ugly thing
  9046 | D:9      | Killed a cyan ugly thing
  9088 | D:9      | HP: 2/80 [basilisk (5)]
  9089 | D:9      | Slain by a basilisk

Illustrated notes

Levels and vault maps discovered:
D:1:      sevenhm_arrival_forest_fort_small_6, layout_loops_ring
D:2:      layout_rooms, lemuel_doored_altar,
          chequers_ecumenical_altar_simple_redux, roderic_serpentine_path,
          kennysheep_generic_room_4
D:3:      layout_basic, uniq_ijyb
D:4:      layout_basic, kiku_gazebo_garden_becter, uniq_menkaure, uniq_natasha
D:5:      layout_loops_ring, first_ration
D:6:      layout_cave_pools, chequers_temple_overflow_statue_of_worship,
          minmay_temple_entry_arrows, basic_altar
D:7:      layout_loops_ring, serial_shops, kennysheep_little_box,
          nicolae_ossuary_entry_giza
D:8:      layout_loops_ring, marbit_many_paths
D:9:      layout_loops_ring, david_lair_generic, uniq_prince_ribbit1

Skill      XL: |  1  2  3  4  5  6  7  8  9 10 |
---------------+-------------------------------+-----
Shields        | 4 5 7 8 |  8.9
Staves         | 3 4 |  4.6
Fighting       | 4 5 6 7 8 |  8.1
Armour         | 4 |  4.5
Polearms       | 3 5 7 8 |  8.5
Invocations    | 3 4 |  4.9

Action                   |  1- 3 |  4- 6 |  7- 9 | 10-12 || total
-------------------------+-------+-------+-------+-------++-------
Melee: Quarterstaff      |   102 |   193 |    10 |       ||   305
       Trident           |       |       |   485 |   133 ||   618
Throw: Javelin           |       |       |       |     2 ||     2
Invok: Animate Remains   |       |       |     4 |       ||     4
       Animate Dead      |       |       |     2 |     1 ||     3
 Abil: Dig               |       |       |     2 |     1 ||     3
Evoke: Wand              |       |     3 |    13 |     5 ||    21
  Use: Scroll            |     1 |     2 |     6 |       ||     9
       Potion            |       |     1 |       |       ||     1
 Stab: Distracted        |       |       |     1 |     1 ||     2
  Eat: Chunk             |     1 |     6 |    18 |     5 ||    30
Armor: Scale mail        |    52 |    79 |    50 |       ||   181
       Chain mail        |       |       |    51 |    22 ||    73
Dodge: Dodged            |    32 |    68 |    88 |    18 ||   206
Block: Kite shield       |    52 |   121 |   178 |    41 ||   392
